APL (24 & UNDER)
SAVANNAH HOGS @ SCOTTSDALE SCORPIONS
06/09/2026
 
TOP OF THE 1ST
Savannah Hogs batting - Pitching for Scottsdale Scorpions : LHP Eric Fisher
Pitching: LHP Eric Fisher
Batting: RHB Miguel Toro 0-0: Called Strike
0-1: Foul Ball, location: 2F
0-2: Strikes out looking
Batting: LHB Juan Delgado 0-0: Called Strike
0-1: Foul Ball, location: 2F
0-2: Fly out, F9 (Flyball, 89XD)
Batting: RHB Remi Eruzione 0-0: Called Strike
0-1: Foul Ball, location: 2F
0-2: Ball
1-2: Strikes out looking
Top of the 1st over - 0 run(s), 0 hit(s), 0 error(s), 0 left on base; Savannah 0 - Scottsdale 0
BOTTOM OF THE 1ST
Scottsdale Scorpions batting - Pitching for Savannah Hogs : RHP Mike Meeks
Pitching: RHP Mike Meeks
Batting: RHB Doug Delaney 0-0: Foul Ball, location: 2F
0-1: Foul Ball, location: 2F
0-2: Ball
1-2: Foul Ball, location: 2F
1-2: Ball
2-2: Ball
3-2: Ground out 4-3 (Groundball, 4M)
Batting: LHB Claudio Rodríguez 0-0: Called Strike
0-1: Foul Ball, location: 2F
0-2: Ball
1-2: Foul Ball, location: 2F
1-2: Ball
2-2: Ball
3-2: Foul Ball, location: 2F
3-2: Fly out, F9 (Flyball, 9LM)
Batting: RHB Gary Thomas 0-0: SOLO HOME RUN (Flyball, 7D), Distance : 353 ft
Batting: RHB Jeff Bane 0-0: Ball
1-0: Called Strike
1-1: Ball
2-1: Called Strike
2-2: Ground out 5-3 (Groundball, 5L)
Bottom of the 1st over - 1 run(s), 1 hit(s), 0 error(s), 0 left on base; Savannah 0 - Scottsdale 1
TOP OF THE 2ND
Savannah Hogs batting - Pitching for Scottsdale Scorpions : LHP Eric Fisher
Batting: LHB Ramón Morales 0-0: DOUBLE (Line Drive, 8RXD)
Batting: RHB Javier Martínez 0-0: SINGLE (Groundball, 4MD)
Ramón Morales to third
Runner from 3rd tries for Home, SAFE, no throw or cutoff
Batting: LHB Ivan Costello 0-0: Called Strike
0-1: Called Strike
0-2: Ball
Wild Pitch!
Javier Martínez to second
1-2: Ball
2-2: Ball
3-2: Foul Ball, location: 2F
3-2: Strikes out swinging
Batting: RHB Ignacio Rangel 0-0: Ball
1-0: Foul Ball, location: 2F
1-1: 2-RUN HOME RUN (Flyball, 8RXD), Distance : 390 ft
Batting: RHB Júlio Peña 0-0: Swinging Strike
0-1: SINGLE (Line Drive, 6MD)
Batting: LHB Marv Alexander 0-0: Ball
1-0: Ground out U3 (Groundball, 3S)
Júlio Peña to second
Batting: RHB Miguel Toro 0-0: Called Strike
0-1: Ball
1-1: Called Strike
1-2: Ball
2-2: Ball
3-2: Foul Ball, location: 2F
3-2: SINGLE (Groundball, 4M)
Júlio Peña to third
Júlio Peña scores
Batting: LHB Juan Delgado 0-0: Fly out, F7 (Flyball, 78M)
Top of the 2nd over - 4 run(s), 5 hit(s), 0 error(s), 1 left on base; Savannah 4 - Scottsdale 1
BOTTOM OF THE 2ND
Scottsdale Scorpions batting - Pitching for Savannah Hogs : RHP Mike Meeks
Batting: RHB Edgardo Gonzáles 0-0: Called Strike
0-1: Ball
1-1: Ball
2-1: Ground out 6-3 (Groundball, 6M)
Batting: LHB José Garza 0-0: Foul Ball, location: 2F
0-1: Foul Ball, location: 2F
0-2: Ground out 4-3 (Groundball, 34)
Batting: RHB Ricardo Gutiérrez 0-0: Called Strike
0-1: Ball
1-1: Ball
2-1: Called Strike
2-2: Strikes out swinging
Bottom of the 2nd over - 0 run(s), 0 hit(s), 0 error(s), 0 left on base; Savannah 4 - Scottsdale 1
TOP OF THE 3RD
Savannah Hogs batting - Pitching for Scottsdale Scorpions : LHP Eric Fisher
Batting: RHB Remi Eruzione 0-0: Ball
1-0: Fly out, F7 (Flyball, 78D)
Batting: LHB Ramón Morales 0-0: Ball
1-0: Foul Ball, location: 2F
1-1: Ball
2-1: SINGLE (Flyball, 7LS)
Batting: RHB Javier Martínez 0-0: Ball
1-0: Called Strike
Throwing error on steal attempt, E2
Ramón Morales to third
1-1: Ball
2-1: SINGLE (Groundball, 6MD)
Ramón Morales scores
Batting: LHB Ivan Costello 0-0: Ball
1-0: Fielders Choice at 2nd, 4-6 (Groundball, 34)
Batting: RHB Ignacio Rangel 0-0: SINGLE (Flyball, 8RS)
Ivan Costello to second
Batting: RHB Júlio Peña 0-0: Ball
1-0: Ball
Wild Pitch!
Ivan Costello to third
Ignacio Rangel to second
2-0: Ball
3-0: Called Strike
3-1: Base on Balls
Batting: LHB Marv Alexander 0-0: Foul Ball, location: 2F
0-1: Called Strike
0-2: Ball
1-2: Ball
2-2: Fly out, F6 (Popup, 56D)
Top of the 3rd over - 1 run(s), 3 hit(s), 1 error(s), 3 left on base; Savannah 5 - Scottsdale 1
BOTTOM OF THE 3RD
Scottsdale Scorpions batting - Pitching for Savannah Hogs : RHP Mike Meeks
Batting: RHB David Suarze 0-0: Ball
1-0: Ball
2-0: Called Strike
2-1: Foul Ball, location: 2F
2-2: Foul Ball, location: 2F
2-2: Ball
3-2: SINGLE (Line Drive, 6MD)
Batting: RHB Sergio Domínguez 0-0: Called Strike
0-1: Ball
1-1: SINGLE (Groundball, 34D)
David Suarze to second
Runner from 2nd tries for 3rd, SAFE, throw made to third
Batting: RHB Doug Delaney 0-0: Ball
1-0: Called Strike
1-1: Foul Ball, location: 2F
1-2: Ball
2-2: Foul Ball, location: 2F
2-2: Foul Ball, location: 2F
2-2: Strikes out swinging
Batting: LHB Claudio Rodríguez 0-0: Called Strike
0-1: 3-RUN HOME RUN (Line Drive, 9D), Distance : 342 ft
Batting: RHB Gary Thomas 0-0: SINGLE (Line Drive, 34)
Batting: RHB Jeff Bane 0-0: Ball
1-0: Called Strike
1-1: SINGLE (Line Drive, 4)
Gary Thomas to second
Batting: RHB Edgardo Gonzáles 0-0: Called Strike
0-1: SINGLE (Groundball, 25) (infield hit)
Gary Thomas to third
Jeff Bane to second
Batting: LHB José Garza 0-0: Ball
1-0: Swinging Strike
1-1: Ball
2-1: GRAND SLAM HOME RUN (Line Drive, 8RXD), Distance : 411 ft
Pitching: RHP Álex Solano
Batting: RHB Ricardo Gutiérrez 0-0: Foul Ball, location: 2F
0-1: Foul Ball, location: 2F
0-2: Ball
1-2: Ground out 6-3 (Groundball, 6)
Batting: RHB David Suarze 0-0: Swinging Strike
0-1: Foul Ball, location: 2F
0-2: TRIPLE (Line Drive, 8LD)
Batting: RHB Sergio Domínguez 0-0: Called Strike
0-1: Fly out, F8 (Flyball, 8RM)
Bottom of the 3rd over - 7 run(s), 8 hit(s), 0 error(s), 1 left on base; Savannah 5 - Scottsdale 8
TOP OF THE 4TH
Savannah Hogs batting - Pitching for Scottsdale Scorpions : LHP Eric Fisher
Batting: RHB Miguel Toro 0-0: Ball
1-0: Ground out 5-3 (Groundball, 56)
Batting: LHB Juan Delgado 0-0: Called Strike
0-1: Ground out 1-3 (Groundball, 25)
Batting: RHB Remi Eruzione 0-0: Ball
1-0: Ball
2-0: Swinging Strike
2-1: Foul Ball, location: 2F
2-2: Ball
3-2: Strikes out looking
Top of the 4th over - 0 run(s), 0 hit(s), 0 error(s), 0 left on base; Savannah 5 - Scottsdale 8
BOTTOM OF THE 4TH
Scottsdale Scorpions batting - Pitching for Savannah Hogs : RHP Álex Solano
Batting: RHB Doug Delaney 0-0: Foul Ball, location: 2F
0-1: Foul Ball, location: 2F
0-2: Ball
1-2: Ball
2-2: Ground out 6-3 (Groundball, 6)
Batting: LHB Claudio Rodríguez 0-0: Ball
1-0: Ball
2-0: Ball
3-0: Foul Ball, location: 2F
3-1: Base on Balls
Batting: RHB Gary Thomas 0-0: Ball
1-0: Ball
2-0: Ball
3-0: Called Strike
3-1: SINGLE (Groundball, 3L)
Claudio Rodríguez to second
Batting: RHB Jeff Bane 0-0: Ball
1-0: Called Strike
1-1: Ball
2-1: Ball
3-1: Called Strike
3-2: Fly out, F7 (Line Drive, 7M)
Batting: RHB Edgardo Gonzáles 0-0: Swinging Strike
0-1: Fly out, F4 (Line Drive, 4M)
Bottom of the 4th over - 0 run(s), 1 hit(s), 0 error(s), 2 left on base; Savannah 5 - Scottsdale 8
TOP OF THE 5TH
Savannah Hogs batting - Pitching for Scottsdale Scorpions : LHP Eric Fisher
Batting: LHB Ramón Morales 0-0: Called Strike
0-1: Ball
1-1: Ball
2-1: Fly out, F8 (Flyball, 8RM)
Batting: RHB Javier Martínez 0-0: Ball
1-0: Ball
2-0: Foul Ball, location: 2F
2-1: Called Strike
2-2: Foul Ball, location: 2F
2-2: Ball
3-2: Strikes out swinging
Batting: LHB Ivan Costello 0-0: Ball
1-0: Ground out U3 (Groundball, 3)
Top of the 5th over - 0 run(s), 0 hit(s), 0 error(s), 0 left on base; Savannah 5 - Scottsdale 8
BOTTOM OF THE 5TH
Scottsdale Scorpions batting - Pitching for Savannah Hogs : RHP Álex Solano
Batting: LHB José Garza 0-0: Called Strike
0-1: Called Strike
0-2: Foul Ball, location: 2F
0-2: Ball
1-2: Strikes out swinging
Batting: RHB Ricardo Gutiérrez 0-0: Foul Ball, location: 2F
0-1: Ball
1-1: Ball
2-1: Ball
3-1: Called Strike
3-2: Ground out 4-3 (Groundball, 34)
Batting: RHB David Suarze 0-0: Called Strike
0-1: Ball
1-1: Ball
2-1: SOLO HOME RUN (Line Drive, 7D), Distance : 362 ft
Batting: RHB Sergio Domínguez 0-0: Ground out 6-3 (Groundball, 6)
Bottom of the 5th over - 1 run(s), 1 hit(s), 0 error(s), 0 left on base; Savannah 5 - Scottsdale 9
TOP OF THE 6TH
Savannah Hogs batting - Pitching for Scottsdale Scorpions : LHP Eric Fisher
Batting: RHB Ignacio Rangel 0-0: SINGLE (Line Drive, 8LS)
Batting: RHB Júlio Peña 0-0: Ball
1-0: Ball
2-0: Swinging Strike
2-1: SINGLE (Groundball, 56)
Ignacio Rangel to second
Pitching: RHP Billy O'Neal
Batting: LHB Marv Alexander 0-0: Called Strike
0-1: Ball
1-1: Ball
2-1: Swinging Strike
2-2: Strikes out swinging
Batting: RHB Miguel Toro 0-0: Called Strike
0-1: Ball
1-1: Called Strike
1-2: Ball
2-2: Strikes out swinging
Batting: LHB Juan Delgado 0-0: Ball
1-0: Foul Ball, location: 2F
1-1: Called Strike
1-2: Foul Ball, location: 2F
1-2: Foul Ball, location: 2F
1-2: Ball
2-2: Strikes out looking
Top of the 6th over - 0 run(s), 2 hit(s), 0 error(s), 2 left on base; Savannah 5 - Scottsdale 9
BOTTOM OF THE 6TH
Scottsdale Scorpions batting - Pitching for Savannah Hogs : RHP Álex Solano
Batting: RHB Doug Delaney 0-0: Foul Ball, location: 2F
0-1: Ball
1-1: Called Strike
1-2: Strikes out looking
Batting: LHB Claudio Rodríguez 0-0: Swinging Strike
0-1: Ball
1-1: Foul Ball, location: 2F
1-2: Strikes out swinging
Batting: RHB Gary Thomas 0-0: Called Strike
0-1: Ball
1-1: Ball
2-1: Ball
3-1: Called Strike
3-2: SINGLE (Line Drive, 7S)
Batting: RHB Jeff Bane 0-0: Called Strike
0-1: Ball
1-1: SINGLE (Groundball, 3S)
Gary Thomas to second
Runner from 2nd tries for 3rd, SAFE, throw made to third
Batting: RHB Edgardo Gonzáles 0-0: Called Strike
0-1: Swinging Strike
0-2: Fly out, F8 (Line Drive, 8LM)
Bottom of the 6th over - 0 run(s), 2 hit(s), 0 error(s), 2 left on base; Savannah 5 - Scottsdale 9
TOP OF THE 7TH
Savannah Hogs batting - Pitching for Scottsdale Scorpions : RHP Billy O'Neal
Batting: RHB Remi Eruzione 0-0: Foul Ball, location: 2F
0-1: SOLO HOME RUN (Flyball, 78XD), Distance : 374 ft
Batting: LHB Ramón Morales 0-0: Ground out 4-3 (Groundball, 34)
Batting: RHB Javier Martínez 0-0: Called Strike
0-1: Swinging Strike
0-2: Ball
1-2: Ground out 6-3 (Groundball, 6)
Batting: LHB Ivan Costello 0-0: Ball
1-0: DOUBLE (Flyball, 8LM) - OUT at third base trying to stretch hit.
Top of the 7th over - 1 run(s), 2 hit(s), 0 error(s), 0 left on base; Savannah 6 - Scottsdale 9
BOTTOM OF THE 7TH
Scottsdale Scorpions batting - Pitching for Savannah Hogs : RHP Álex Solano
Pitching: RHP Shannon Wallace
Batting: LHB José Garza 0-0: Ball
1-0: Ball
2-0: Called Strike
2-1: Ball
3-1: Ground out 2-3 (Groundball, 15S)
Batting: RHB Ricardo Gutiérrez 0-0: Foul Ball, location: 2F
0-1: SINGLE (Groundball, 5D)
Batting: RHB David Suarze 0-0: Ball
Ricardo Gutiérrez is caught stealing 2nd base
1-0: Ball
2-0: Ball
3-0: Base on Balls
Batting: RHB Sergio Domínguez 0-0: Ball
David Suarze is caught stealing 2nd base
Bottom of the 7th over - 0 run(s), 1 hit(s), 0 error(s), 0 left on base; Savannah 6 - Scottsdale 9
TOP OF THE 8TH
Savannah Hogs batting - Pitching for Scottsdale Scorpions : RHP Billy O'Neal
Pitching: RHP Paul Clark
Batting: RHB Ignacio Rangel 0-0: Ball
1-0: Foul Ball, location: 2F
1-1: Ball
2-1: SINGLE (Groundball, 6MD) (infield hit)
Batting: RHB Júlio Peña 0-0: Ball
1-0: Foul Ball, location: 2F
1-1: Ball
2-1: Foul Ball, location: 2F
2-2: Strikes out swinging
Pitching: LHP António Rodríguez
Batting: LHB Marv Alexander 0-0: Called Strike
0-1: Ball
1-1: Swinging Strike
1-2: Ball
2-2: Fly out, F6 (Popup, 6D)
Pitching: RHP John Field
Batting: RHB Miguel Toro 0-0: Ball
1-0: Called Strike
1-1: Ball
2-1: Hit by Pitch
Ignacio Rangel to second
Batting: LHB Juan Delgado 0-0: Ball
1-0: Ball
Wild Pitch!
Ignacio Rangel to third
Miguel Toro to second
2-0: Ball
3-0: Base on Balls
Pinch Hitting: LHB Pedro Medine 0-0: Called Strike
0-1: Called Strike
0-2: Ball
1-2: Strikes out swinging
Top of the 8th over - 0 run(s), 1 hit(s), 0 error(s), 3 left on base; Savannah 6 - Scottsdale 9
BOTTOM OF THE 8TH
Scottsdale Scorpions batting - Pitching for Savannah Hogs : RHP Shannon Wallace
Now in CF: Guillermo González
Batting: RHB Sergio Domínguez 0-0: Ball
1-0: Ground out 5-3 (Groundball, 5S)
Batting: RHB Doug Delaney 0-0: Ball
1-0: DOUBLE (Flyball, 7D)
Batting: LHB Claudio Rodríguez 0-0: Ball
1-0: Fly out, F7 (Flyball, 7M)
Batting: RHB Gary Thomas 0-0: Swinging Strike
0-1: Reached on error, E5 (Groundball, 5)
Doug Delaney to third
Batting: RHB Jeff Bane 0-0: Ball
1-0: Called Strike
1-1: Ground out 4-3 (Groundball, 4)
Bottom of the 8th over - 0 run(s), 1 hit(s), 1 error(s), 2 left on base; Savannah 6 - Scottsdale 9
TOP OF THE 9TH
Savannah Hogs batting - Pitching for Scottsdale Scorpions : RHP John Field
Pitching: RHP Jesús Ramírez
Batting: LHB Ramón Morales 0-0: Ball
1-0: Ball
2-0: Ball
3-0: Base on Balls
Batting: RHB Javier Martínez 0-0: Ball
1-0: Called Strike
1-1: Ball
2-1: Swinging Strike
2-2: Strikes out swinging
Batting: LHB Ivan Costello 0-0: Ball
1-0: Called Strike
1-1: Foul Ball, location: 2F
1-2: Ball
2-2: Fielders Choice at 2nd, 3-6 (Groundball, 3)
Batting: RHB Ignacio Rangel 0-0: Ball
1-0: Fly out, F9 (Flyball, 9S)
Top of the 9th over - 0 run(s), 0 hit(s), 0 error(s), 1 left on base; Savannah 6 - Scottsdale 9
Monday, December 5th, 2016 - OOTP Baseball 17.12 Build 75